[Event "November 21 Late 2023"]
[Site "https://www.chess.com"]
[Date "2023.11.21"]
[Round "2"]
[White "Krishnan, Varun"]
[Black "campochess"]
[Result "1-0"]
[Board "76"]
[TimeControl "180+1"]
[WhiteFideId "5054508"]
[WhiteElo "2341"]
[BlackElo "2242"]
[WhiteTeam "USA"]
[WhiteClock "0:00:16"]
[BlackClock "0:01:12"]

1. d4 c5 2. e4 cxd4 3. c3 Nf6 4. e5 Nd5 5. cxd4 d6 6. Nf3 Nc6 7. Bc4 e6 8. O-O Be7 9. Qe2 Nb6 10. Bb3 d5 11. Nc3 a6 12. a4 Na5 13. Bc2 Bd7 14. b3 Rc8 15. Bb2 Bb4 16. Na2 Be7 17. Rac1 Nc6 18. Bc3 Ba3 19. Rb1 Be7 20. g3 O-O 21. h4 f5 22. exf6 Rxf6 23. a5 Na8 24. Ng5 Rh6 25. Qd3 Bxg5 26. hxg5 Qxg5 27. Bd2 Qh5 28. Bxh6 Qxh6 29. Kg2 Nc7 30. Rh1 Qg6 31. Qd2 Qf6 32. Bxh7+ Kf8 33. Rh4 Ke7 34. Nb4 Nb5 35. Re1 Ncxd4 36. Nxd5+ Kd8 37. Nxf6 gxf6 38. Rxd4 Nxd4 39. Qxd4 Ke7 40. Qb4+ Kf7 41. Qxb7 1-0

[Event "November 21 Late 2023"]
[Site "https://www.chess.com"]
[Date "2023.11.21"]
[Round "2"]
[White "Jakubowski, Krzysztof"]
[Black "Andreassen, Lars"]
[Result "1-0"]
[Board "77"]
[TimeControl "180+1"]
[WhiteFideId "1112848"]
[BlackFideId "1504878"]
[WhiteElo "2369"]
[BlackElo "2119"]
[WhiteTeam "POL"]
[BlackTeam "NOR"]
[WhiteClock "0:00:12"]
[BlackClock "0:00:00"]

1. e4 d5 2. exd5 Nf6 3. d4 Bg4 4. Be2 Bxe2 5. Qxe2 Qxd5 6. Nf3 e6 7. O-O Bd6 8. c4 Qh5 9. Nc3 c6 10. Re1 O-O 11. h3 Nbd7 12. Bg5 h6 13. Bh4 a5 14. Ne4 Nxe4 15. Qxe4 Rae8 16. c5 Bc7 17. Bg3 Bxg3 18. fxg3 f5 19. Qf4 Nf6 20. Rad1 Nd5 21. Qd6 Qg6 22. Kh2 Qf6 23. Re2 g5 24. Rde1 Rd8 25. Qxe6+ Qxe6 26. Rxe6 Kg7 27. Ne5 f4 28. Nc4 Ne3 29. Nxe3 fxe3 30. Re4 Rf2 31. Re7+ Kf8 32. R7xe3 Rxb2 33. Rf3+ Kg8 34. Re4 Rxa2 35. h4 Rd2 36. h5 R2xd4 37. Re6 1-0

[Event "November 21 Late 2023"]
[Site "https://www.chess.com"]
[Date "2023.11.21"]
[Round "2"]
[White "Orphanator2009"]
[Black "Arabidze, Meri"]
[Result "1-0"]
[Board "78"]
[TimeControl "180+1"]
[BlackFideId "13604040"]
[WhiteElo "2212"]
[BlackElo "2416"]
[BlackTeam "GEO"]
[WhiteClock "0:00:10"]
[BlackClock "0:00:00"]

1. e4 c5 2. Nf3 e6 3. d4 cxd4 4. Nxd4 Nc6 5. Nc3 a6 6. Be3 Qc7 7. a3 Nf6 8. Be2 Be7 9. O-O O-O 10. Qd2 d6 11. Rad1 Bd7 12. f4 Nxd4 13. Bxd4 Bc6 14. Bf3 b5 15. f5 e5 16. Be3 h6 17. Nd5 Bxd5 18. exd5 Rac8 19. c3 Rfe8 20. Be2 Nh7 21. Qd3 Qd8 22. Bf3 Bg5 23. Bf2 Rc4 24. Rfe1 Bh4 25. g3 Bg5 26. Re4 Qc8 27. Rde1 Nf6 28. Rxc4 bxc4 29. Qc2 Nd7 30. Be4 Nc5 31. Kg2 Qc7 32. Rb1 Rb8 33. Bxc5 Qxc5 34. b4 cxb3 35. Rxb3 Rc8 36. Qd3 a5 37. Qb5 Qe3 38. Qd3 Qc1 39. Qc2 Qe1 40. c4 a4 41. Rb4 Qe3 42. Rxa4 h5 43. Rb4 h4 44. Rb3 Qe1 45. Rb1 Qe3 46. Rb3 Qd4 47. Qd3 Qa1 48. Qc2 f6 49. Qb2 Qe1 50. Qc2 Kh7 51. Rb7 Be3 52. Rb1 Qa5 53. Qe2 Bh6 54. Bf3 hxg3 55. hxg3 Qxa3 56. Bh5 Qc3 57. Bg6+ Kh8 58. Rb7 Qd4 59. Qc2 e4 60. Qb3 e3 61. Rb8 Qe4+ 62. Kh2 Qxc4 63. Qxc4 Rxb8 64. Kg2 Rf8 65. Kf3 Bg5 66. Qg4 Bh6 67. Qh5 Rd8 68. Bf7 Rc8 69. Be6 Rb8 70. Qf7 Ra8 71. Bd7 Rb8 72. Be8 Kh7 73. Qf8 1-0

[Event "November 21 Late 2023"]
[Site "https://www.chess.com"]
[Date "2023.11.21"]
[Round "2"]
[White "Bjelobrk, Igor"]
[Black "Feliz Dotel, Dewar Bienvenido"]
[Result "1-0"]
[Board "79"]
[TimeControl "180+1"]
[WhiteFideId "4300726"]
[BlackFideId "6402801"]
[WhiteElo "2319"]
[BlackElo "2069"]
[WhiteTeam "AUS"]
[BlackTeam "DOM"]
[WhiteClock "0:02:14"]
[BlackClock "0:00:40"]

1. d4 d5 2. c4 e6 3. Nf3 c5 4. cxd5 exd5 5. g3 Nc6 6. Bg2 Nf6 7. O-O c4 8. b3 b5 9. a4 bxa4 10. bxc4 dxc4 11. Ne5 Nxd4 12. Bxa8 Nb3 13. Bc6+ Bd7 14. Nxd7 Nxd7 15. Rxa4 Be7 16. Rxc4 Na5 17. Bxd7+ Qxd7 18. Qxd7+ Kxd7 19. Ra4 Nc6 20. Nc3 Bc5 21. Bf4 Re8 22. Rd1+ Kc8 23. Rc4 1-0

[Event "November 21 Late 2023"]
[Site "https://www.chess.com"]
[Date "2023.11.21"]
[Round "2"]
[White "Fernandez Hernandez, Gerardo"]
[Black "Krysa, Leandro"]
[Result "0-1"]
[Board "80"]
[TimeControl "180+1"]
[WhiteFideId "2207400"]
[BlackFideId "116807"]
[WhiteElo "2143"]
[BlackElo "2495"]
[WhiteTeam "ESP"]
[BlackTeam "ARG"]
[WhiteClock "0:00:02"]
[BlackClock "0:01:41"]

1. e4 e5 2. Nf3 Nc6 3. d4 exd4 4. Bc4 Nf6 5. e5 d5 6. Bb5 Nd7 7. Nxd4 Ndxe5 8. O-O Bc5 9. Re1 O-O 10. c3 a6 11. Bf1 Qf6 12. Be3 Ng4 13. Bd3 Nxe3 14. fxe3 Ne5 15. Be2 Qg5 16. Bf3 Nxf3+ 17. Qxf3 c6 18. Nd2 Bd7 19. b4 Bb6 20. a4 Rae8 21. a5 Bc7 22. N2b3 Re7 23. Nc5 Bc8 24. Ra2 Rfe8 25. Rf2 Bg4 0-1

[Event "November 21 Late 2023"]
[Site "https://www.chess.com"]
[Date "2023.11.21"]
[Round "2"]
[White "2k28Lakers"]
[Black "Saim, Mohamed Ilias"]
[Result "0-1"]
[Board "81"]
[TimeControl "180+1"]
[BlackFideId "7900465"]
[WhiteElo "2645"]
[BlackElo "2063"]
[BlackTeam "ALG"]
[WhiteClock "0:02:05"]
[BlackClock "0:01:05"]

1. e4 c5 2. c3 d5 3. exd5 Qxd5 4. Nf3 Nf6 5. Na3 a6 6. Nc2 e5 7. Ne3 Qd6 8. d4 exd4 9. cxd4 cxd4 10. Qxd4 Qxd4 11. Nxd4 Bc5 12. Nb3 Bb4+ 13. Bd2 Bxd2+ 14. Nxd2 O-O 15. Ndc4 Nbd7 16. O-O-O b5 17. Nd6 Ne5 18. Nxc8 Raxc8+ 19. Kb1 Ne4 20. Re1 Nxf2 21. Rg1 Rfd8 22. Be2 Rd2 23. Nd1 Nxd1 24. Bxd1 Nd3 25. Bg4 Nxe1 26. Bxc8 Rd1# 0-1

[Event "November 21 Late 2023"]
[Site "https://www.chess.com"]
[Date "2023.11.21"]
[Round "2"]
[White "Lutz, Igor Oscar"]
[Black "Zhurbinsky, David"]
[Result "0-1"]
[Board "82"]
[TimeControl "180+1"]
[WhiteFideId "2110806"]
[BlackFideId "2072904"]
[WhiteElo "1749"]
[BlackElo "2640"]
[WhiteTeam "BRA"]
[BlackTeam "USA"]
[WhiteClock "0:00:03"]
[BlackClock "0:00:05"]

1. d4 Nf6 2. c4 e6 3. g3 d5 4. Nf3 Be7 5. Bg2 O-O 6. O-O dxc4 7. Ne5 Nc6 8. Bxc6 bxc6 9. Nxc6 Qd6 10. Nxe7+ Qxe7 11. Qa4 Rd8 12. Qxc4 Bb7 13. f3 e5 14. dxe5 Qxe5 15. Nc3 Rd4 16. Qb5 Qxb5 17. Nxb5 Rb4 18. Nc3 Ba6 19. a3 Rb6 20. b4 Re8 21. e4 Bxf1 22. Kxf1 Rc6 23. Bb2 Rd8 24. Ke2 Rcd6 25. Rd1 Rxd1 26. Nxd1 Nd7 27. Ne3 Nb6 28. f4 Na4 29. Be5 c6 30. Nf5 f6 31. Ne7+ Kf7 32. Nxc6 Rc8 33. Nxa7 Rc2+ 34. Kd3 Ra2 35. Bd4 Rxa3+ 36. Kc4 Ra2 37. b5 Rxh2 38. Kb4 Nb2 39. b6 Nd3+ 40. Kb5 Rh1 41. Kc6 Rb1 42. b7 Nb4+ 43. Kc7 Na6+ 44. Kc8 Rc1+ 45. Kd7 Rc7+ 46. Kd6 Rxb7 47. Nc6 Rb3 48. Nd8+ Ke8 49. Nc6 Rxg3 50. e5 fxe5 51. Bxe5 h5 52. Nd4 h4 53. Ne6 h3 54. f5 Rd3+ 55. Kc6 Nb4+ 56. Kc5 Rd5+ 57. Kxb4 Rxe5 58. Nxg7+ Kf7 59. Nh5 h2 60. Ng3 Re3 61. Nh1 Re1 62. Ng3 Rg1 0-1

[Event "November 21 Late 2023"]
[Site "https://www.chess.com"]
[Date "2023.11.21"]
[Round "2"]
[White "Pranesh M"]
[Black "liwadas82"]
[Result "1-0"]
[Board "83"]
[TimeControl "180+1"]
[WhiteFideId "35028600"]
[WhiteElo "2481"]
[BlackElo "2450"]
[WhiteTeam "IND"]
[WhiteClock "0:02:04"]
[BlackClock "0:00:13"]

1. e4 e5 2. Nf3 Nc6 3. Bc4 Bc5 4. c3 Nf6 5. d4 exd4 6. b4 Bb6 7. e5 d5 8. exf6 dxc4 9. Qe2+ Be6 10. b5 d3 11. Qe4 Na5 12. fxg7 Rg8 13. Qxh7 Kd7 14. Bg5 f6 15. Bh6 Qe7 16. O-O Rae8 17. Nbd2 Qf7 18. Rae1 Qh5 19. Ne4 Qf7 20. Neg5 fxg5 21. Ne5+ Kc8 22. Nxf7 Bxf7 23. Qf5+ Kb8 24. Qxf7 1-0

[Event "November 21 Late 2023"]
[Site "https://www.chess.com"]
[Date "2023.11.21"]
[Round "2"]
[White "Musovic, Armin"]
[Black "Yeletsky, Ivan"]
[Result "1/2-1/2"]
[Board "84"]
[TimeControl "180+1"]
[WhiteFideId "939935"]
[BlackFideId "24180327"]
[WhiteElo "2322"]
[BlackElo "2358"]
[WhiteTeam "MNE"]
[BlackTeam "RUS"]
[WhiteClock "0:00:13"]
[BlackClock "0:00:05"]

1. e4 c5 2. c3 d5 3. exd5 Nf6 4. Na3 Nxd5 5. h3 Nc6 6. Nf3 e5 7. Bc4 Be6 8. O-O e4 9. Ne1 Bd6 10. Qe2 O-O 11. Qxe4 Re8 12. Qc2 Ne5 13. d3 Qh4 14. Bxd5 Bxd5 15. f4 Ng6 16. Qf2 Qxf2+ 17. Kxf2 Nxf4 18. Bxf4 Bxf4 19. Nf3 Be3+ 20. Kg3 Re6 21. Rae1 Rae8 22. Nc4 Rg6+ 23. Kh2 Bf4+ 24. Kh1 Rxe1 25. Rxe1 h5 26. Re8+ Kh7 27. Nce5 Re6 28. Rxe6 Bxe6 29. b3 f6 30. Nc4 g5 31. a4 g4 32. hxg4 hxg4 33. Nfd2 f5 34. Kg1 Bd5 35. Kf2 Kg6 36. g3 Bc7 37. Ne3 Be6 38. Ng2 Kg5 39. Nc4 b6 40. Nd2 a6 41. Nc4 b5 42. axb5 axb5 43. Nd2 Be5 44. c4 b4 45. Nf1 f4 46. gxf4+ Bxf4 47. Nxf4 Kxf4 48. Ng3 Bf7 49. Ne2+ Ke5 50. Ke3 Bg6 51. d4+ cxd4+ 52. Nxd4 g3 53. Nc6+ Kd6 54. Nxb4 Kc5 55. Na6+ Kb6 56. Nb4 Kc5 57. Nd5 Bc2 58. Kf3 Be4+ 59. Kxg3 Bxd5 60. cxd5 Kxd5 61. b4 Kc4 62. b5 Kxb5 1/2-1/2

[Event "November 21 Late 2023"]
[Site "https://www.chess.com"]
[Date "2023.11.21"]
[Round "2"]
[White "Hansen, Sune Berg"]
[Black "Haszon, David"]
[Result "1-0"]
[Board "85"]
[TimeControl "180+1"]
[WhiteFideId "1400266"]
[BlackFideId "733610"]
[WhiteElo "2712"]
[BlackElo "2182"]
[WhiteTeam "DEN"]
[BlackTeam "HUN"]
[WhiteClock "0:00:54"]
[BlackClock "0:00:04"]

1. e4 e5 2. Nf3 Nf6 3. d3 Nc6 4. g3 d6 5. Bg2 g6 6. O-O Bg7 7. Re1 O-O 8. c3 Re8 9. b4 h6 10. Nbd2 Kh7 11. Bb2 Bd7 12. a4 a6 13. Qc2 Qc8 14. Nc4 b5 15. axb5 axb5 16. Ne3 Ne7 17. d4 Nc6 18. d5 Ne7 19. c4 bxc4 20. Nxc4 Qb7 21. Bc3 Rxa1 22. Rxa1 Ra8 23. Na5 Qb8 24. Bd2 Ne8 25. Ra2 f5 26. Nh4 fxe4 27. Bxe4 Nf6 28. Bxg6+ Kh8 29. Nc6 Bxc6 30. dxc6 Rxa2 31. Qxa2 d5 32. Qa6 e4 33. b5 d4 34. Bf4 Nfd5 35. Bxe4 Nxf4 36. gxf4 Qd8 37. b6 cxb6 38. Qb5 Bf6 39. Nf3 Qd6 40. Bc2 Qxf4 41. Qd3 Kg8 42. Qh7+ Kf8 43. Be4 Qg4+ 44. Kf1 d3 45. Qxh6+ Kf7 46. Qe3 Qh3+ 47. Ke1 Qe6 48. Qxd3 Nxc6 49. Kf1 Ne5 50. Nxe5+ Bxe5 51. Bd5 1-0

[Event "November 21 Late 2023"]
[Site "https://www.chess.com"]
[Date "2023.11.21"]
[Round "2"]
[White "Gutkin, Ilya"]
[Black "Wu, Derek"]
[Result "1-0"]
[Board "86"]
[TimeControl "180+1"]
[WhiteFideId "16203470"]
[BlackFideId "30914558"]
[WhiteElo "2248"]
[BlackElo "2211"]
[WhiteTeam "GER"]
[BlackTeam "USA"]
[WhiteClock "0:00:34"]
[BlackClock "0:00:27"]

1. e4 e6 2. d4 d5 3. Nc3 Nf6 4. e5 Nfd7 5. f4 c5 6. Nf3 Nc6 7. Be3 Qb6 8. Qd2 cxd4 9. Nxd4 Qxb2 10. Rb1 Qa3 11. Ncb5 Qxa2 12. Qc1 Qa5+ 13. Kf2 a6 14. Ra1 Qd8 15. Bd3 Bc5 16. Nxc6 bxc6 17. Bxc5 Nxc5 18. Nd6+ Ke7 19. Qa3 Qb6 20. Kg3 g5 21. fxg5 h6 22. Rab1 Qa7 23. Rhf1 Rf8 24. gxh6 Kd8 25. h7 f5 26. exf6 Nxd3 27. Nb7+ Kc7 28. Qd6# 1-0

[Event "November 21 Late 2023"]
[Site "https://www.chess.com"]
[Date "2023.11.21"]
[Round "2"]
[White "Sourath Biswas"]
[Black "Figorito, Nick"]
[Result "1/2-1/2"]
[Board "87"]
[TimeControl "180+1"]
[WhiteFideId "35091484"]
[BlackFideId "30923689"]
[WhiteElo "2171"]
[BlackElo "2385"]
[WhiteTeam "IND"]
[BlackTeam "USA"]
[WhiteClock "0:00:48"]
[BlackClock "0:00:09"]

1. d4 Nf6 2. Nf3 g6 3. Nc3 d5 4. Bf4 Bg7 5. Nb5 Na6 6. e3 c6 7. Nc3 Nc7 8. Ne5 Nd7 9. Nxd7 Bxd7 10. Be2 h5 11. h4 Bf5 12. Bf3 a6 13. g4 hxg4 14. Bxg4 Bxg4 15. Qxg4 Bf6 16. h5 gxh5 17. Rxh5 Rxh5 18. Qg8+ Kd7 19. Qg4+ Ne6 20. Qxh5 Nxf4 21. exf4 Qh8 22. Qg4+ e6 23. O-O-O Bxd4 24. Na4 b5 25. f5 bxa4 26. fxe6+ fxe6 27. Rxd4 a3 28. Rb4 axb2+ 29. Rxb2 Rg8 30. Rb7+ Kc8 31. Qb4 Rg1+ 32. Kd2 Qh6+ 33. f4 Qh2+ 34. Kc3 Rg3+ 35. Kb2 Qh8+ 36. Kc1 Rg1+ 37. Kd2 Rg2+ 38. Kc1 Rg1+ 39. Kd2 Rg2+ 40. Ke3 Rg3+ 41. Kd2 Rg2+ 1/2-1/2

[Event "November 21 Late 2023"]
[Site "https://www.chess.com"]
[Date "2023.11.21"]
[Round "2"]
[White "Zakarian, David"]
[Black "Fiorito, Francisco"]
[Result "0-1"]
[Board "88"]
[TimeControl "180+1"]
[WhiteFideId "13301276"]
[BlackFideId "180165"]
[WhiteElo "2286"]
[BlackElo "2318"]
[WhiteTeam "ARM"]
[BlackTeam "ARG"]
[WhiteClock "0:01:28"]
[BlackClock "0:01:04"]

1. d4 Nf6 2. c4 b6 3. Nf3 Bb7 4. Nc3 e6 5. a3 d5 6. cxd5 Nxd5 7. Qc2 Nxc3 8. bxc3 c5 9. e4 Be7 10. Be3 cxd4 11. cxd4 O-O 12. Bd3 h6 13. O-O Nc6 14. Rac1 Na5 15. Qb2 Rc8 16. Ne5 Bd6 17. Nc4 Nxc4 18. Bxc4 Bxe4 19. Ba6 Rxc1 20. Rxc1 Qe7 21. Rc3 Bb7 22. Bxb7 Qxb7 23. Qc1 b5 24. Rc6 Bxa3 25. Rc7 Bxc1 26. Rxb7 Bxe3 27. fxe3 a6 28. Ra7 Rb8 29. Rxa6 b4 30. Ra2 b3 31. Rb2 Kf8 32. Kf2 Ke7 33. Ke2 f5 34. Kd3 Kd6 35. Kc4 Rc8+ 36. Kd3 Rb8 37. Kc4 g5 38. g3 g4 39. Kc3 Kd5 40. Kd3 h5 0-1

[Event "November 21 Late 2023"]
[Site "https://www.chess.com"]
[Date "2023.11.21"]
[Round "2"]
[White "Shapiro, Daniel"]
[Black "Lamard, Guillaume"]
[Result "0-1"]
[Board "89"]
[TimeControl "180+1"]
[WhiteFideId "2001780"]
[BlackFideId "600261"]
[WhiteElo "2335"]
[BlackElo "2409"]
[WhiteTeam "USA"]
[BlackTeam "FRA"]
[WhiteClock "0:00:00"]
[BlackClock "0:00:36"]

1. d4 Nf6 2. c4 g6 3. Nc3 Bg7 4. e4 O-O 5. Be2 d6 6. Nf3 Nbd7 7. Be3 e5 8. d5 Ng4 9. Bg5 f6 10. Bh4 h5 11. h3 Nh6 12. b4 a5 13. a3 g5 14. Bg3 f5 15. exf5 e4 16. Nd4 Nxf5 17. Ncb5 axb4 18. Ne6 Qf6 19. Ra2 Nxg3 20. fxg3 Qf2+ 21. Kd2 Ne5 22. Nxf8 Bxf8 23. Rf1 Nxc4+ 24. Kc1 Qe3+ 25. Kb1 Nxa3+ 26. Nxa3 bxa3 27. Bxh5 Qd3+ 28. Qxd3 exd3 29. Bg6 Bg7 30. Bxd3 Bd7 31. Bf5 Bb5 32. Be6+ Kh8 33. Rf7 Bd3+ 34. Kc1 Bc4 35. Rff2 Bxa2 36. Rxa2 Bb2+ 37. Kc2 Rf8 0-1

[Event "November 21 Late 2023"]
[Site "https://www.chess.com"]
[Date "2023.11.21"]
[Round "2"]
[White "Ambartsumova, Karina"]
[Black "SergioMoralesG"]
[Result "1-0"]
[Board "90"]
[TimeControl "180+1"]
[WhiteFideId "4166299"]
[WhiteElo "2240"]
[BlackElo "2368"]
[WhiteTeam "RUS"]
[WhiteClock "0:00:19"]
[BlackClock "0:00:00"]

1. d4 d5 2. c4 c6 3. Nf3 Nf6 4. g3 Bf5 5. Qb3 Qb6 6. Nc3 dxc4 7. Qxc4 Nbd7 8. Bg2 g6 9. Ng5 e6 10. e4 Bg4 11. h3 Bg7 12. hxg4 Nxg4 13. Nxe6 fxe6 14. Qxe6+ Kd8 15. Qxg4 Bxd4 16. Bg5+ Kc7 17. O-O Raf8 18. Bf4+ Rxf4 19. Qxf4+ Be5 20. Qe3 Bd4 21. Qe2 h5 22. Rad1 h4 23. Qg4 hxg3 24. Qxg3+ Ne5 25. Ne2 Bxb2 26. Rb1 Kb8 27. Nf4 Ka8 28. Rfd1 Nc4 29. Ne6 a5 30. Qc7 Qb5 31. Rd8+ Rxd8 32. Qxd8+ Ka7 33. Qg5 Qa4 34. Qc5+ Ka8 35. Bf1 Qxa2 36. Rd1 1-0

[Event "November 21 Late 2023"]
[Site "https://www.chess.com"]
[Date "2023.11.21"]
[Round "2"]
[White "Jelcic, Marko"]
[Black "aghasiyevkamal"]
[Result "0-1"]
[Board "91"]
[TimeControl "180+1"]
[WhiteFideId "14406489"]
[WhiteElo "2156"]
[BlackElo "2559"]
[WhiteTeam "BIH"]
[WhiteClock "0:00:04"]
[BlackClock "0:00:07"]

1. d4 d5 2. Nf3 Nf6 3. g3 e6 4. Bg2 c6 5. O-O Bd6 6. c4 O-O 7. Nc3 Nbd7 8. Re1 Ne4 9. cxd5 exd5 10. Nxe4 dxe4 11. Ng5 Bb4 12. Bd2 Bxd2 13. Qxd2 Nf6 14. Nxe4 Nxe4 15. Bxe4 Bh3 16. b4 Re8 17. Bf3 a6 18. a4 Qd7 19. d5 Rad8 20. Red1 Qe7 21. d6 Qf6 22. b5 Re6 23. d7 Re7 24. bxc6 bxc6 25. Qf4 Rexd7 26. e3 Qxf4 27. exf4 Rxd1+ 28. Rxd1 Rxd1+ 29. Bxd1 a5 30. f3 Bd7 31. Kf2 Kf8 32. Ke3 c5 33. Kd3 Be6 34. f5 Bd5 35. f4 Ke7 36. Bc2 Kd6 37. Kc3 f6 38. h4 Ba2 39. Kb2 Bc4 40. Kc3 Bd5 41. g4 h6 42. g5 Bf7 43. Kd3 Be8 44. Kc3 Bd7 45. Kd2 Kd5 46. Kc3 c4 47. Kd2 Kd4 48. gxh6 gxh6 49. Ke2 Kc3 50. Kd1 Bc6 51. Kc1 Kb4 52. Kd2 Bxa4 53. Bb1 Bb5 54. Ke3 Kc3 0-1

[Event "November 21 Late 2023"]
[Site "https://www.chess.com"]
[Date "2023.11.21"]
[Round "2"]
[White "Omariev, Maksim"]
[Black "le-castor-faineant"]
[Result "1-0"]
[Board "92"]
[TimeControl "180+1"]
[WhiteFideId "4193423"]
[WhiteElo "2525"]
[BlackElo "2250"]
[WhiteTeam "RUS"]
[WhiteClock "0:00:08"]
[BlackClock "0:00:07"]

1. g4 d5 2. Bg2 Bxg4 3. c4 c6 4. Qb3 Nf6 5. Qxb7 Nbd7 6. Nc3 e6 7. Qxc6 Rc8 8. Qa6 Rxc4 9. b3 Rc7 10. Nb5 Rc8 11. Ba3 Bxa3 12. Qxa3 Qe7 13. Nd6+ Kf8 14. h3 Bh5 15. Nf3 Rc6 16. Nb5 Qxa3 17. Nxa3 Bxf3 18. Bxf3 Ke7 19. d4 Rhc8 20. Kd2 Ne8 21. Rhc1 Rxc1 22. Rxc1 Rxc1 23. Kxc1 Nd6 24. e3 g5 25. Kd2 Nf6 26. Be2 Nde4+ 27. Ke1 Nc3 28. Nb5 Nxb5 29. Bxb5 h5 30. f3 h4 31. b4 Kd6 32. a4 Nh5 33. a5 f6 34. Bd3 e5 35. dxe5+ fxe5 36. Bg6 Nf6 37. Kd2 Nd7 38. Kc3 Nf8 39. Bf5 Kc6 40. Kb3 Kb5 41. Bd3+ Kc6 42. Bf5 Kb5 43. Kc3 Kc6 44. e4 d4+ 45. Kc4 a6 46. Bc8 Ng6 47. Bxa6 Nf4 48. b5+ Kc7 49. b6+ Kb8 50. Bb5 Nxh3 51. a6 Nf4 52. Bc6 h3 53. a7+ Kc8 54. a8=Q# 1-0

[Event "November 21 Late 2023"]
[Site "https://www.chess.com"]
[Date "2023.11.21"]
[Round "2"]
[White "Firouzja, Alireza"]
[Black "Estrada Nieto, Julian"]
[Result "1-0"]
[Board "93"]
[TimeControl "180+1"]
[WhiteFideId "12573981"]
[BlackFideId "5101018"]
[WhiteElo "2896"]
[BlackElo "2161"]
[WhiteTeam "FRA"]
[BlackTeam "ESP"]
[WhiteClock "0:00:51"]
[BlackClock "0:00:00"]

1. a3 d5 2. c3 Nf6 3. Nf3 Bf5 4. Qb3 Nbd7 5. d4 Rb8 6. Bf4 e6 7. Nbd2 Bd6 8. Bxd6 cxd6 9. Nh4 Be4 10. e3 O-O 11. Be2 h6 12. O-O Bh7 13. Nhf3 e5 14. a4 Re8 15. a5 Qc7 16. Qb4 e4 17. Ne1 b6 18. a6 Bf5 19. Nc2 Bg4 20. Bb5 Re6 21. Rfc1 Nh7 22. c4 dxc4 23. Qxc4 Qd8 24. Nb4 Rg6 25. Nc6 Qg5 26. Nxe4 Qh4 27. Nxb8 Nxb8 28. Qc7 Nd7 29. Bxd7 Bf3 30. Ng3 Nf6 31. Qd8+ Kh7 32. Bf5 Bxg2 33. Rc8 1-0

[Event "November 21 Late 2023"]
[Site "https://www.chess.com"]
[Date "2023.11.21"]
[Round "2"]
[White "Miszler, Levente"]
[Black "Maghsoodloo, Parham"]
[Result "1/2-1/2"]
[Board "94"]
[TimeControl "180+1"]
[WhiteFideId "763276"]
[BlackFideId "12539929"]
[WhiteElo "2186"]
[BlackElo "2660"]
[WhiteTeam "HUN"]
[BlackTeam "IRI"]
[WhiteClock "0:00:49"]
[BlackClock "0:01:47"]

1. d4 Nf6 2. Nf3 d5 3. c4 e6 4. g3 Bb4+ 5. Bd2 a5 6. Bg2 O-O 7. O-O Nbd7 8. Qc2 Be7 9. Bf4 c6 10. Nbd2 a4 11. Ne5 Qa5 12. e4 Nh5 13. exd5 Nxf4 14. gxf4 cxd5 15. Rfe1 Bb4 16. Re2 Nf6 17. c5 a3 18. bxa3 Qxa3 19. Rb1 Bxd2 20. Rxd2 Nh5 21. Rb3 Qa4 22. Qb1 Nxf4 23. Rg3 f6 24. Ng4 e5 25. Nh6+ Kh8 26. Qb6 Qc6 27. Nf7+ Kg8 28. Nh6+ Kh8 29. Nf7+ Kg8 30. Nh6+ Kh8 1/2-1/2

[Event "November 21 Late 2023"]
[Site "https://www.chess.com"]
[Date "2023.11.21"]
[Round "2"]
[White "Tang, Andrew"]
[Black "UK_23"]
[Result "1-0"]
[Board "95"]
[TimeControl "180+1"]
[WhiteFideId "2059630"]
[WhiteElo "2589"]
[BlackElo "2411"]
[WhiteTeam "USA"]
[WhiteClock "0:00:02"]
[BlackClock "0:00:00"]

1. d4 d5 2. Bf4 Nf6 3. e3 c5 4. Nc3 cxd4 5. exd4 Bg4 6. Nf3 e6 7. Nb5 Na6 8. c3 Be7 9. Qa4 O-O 10. Ne5 Bf5 11. Be2 Ne4 12. O-O Nd6 13. Nxd6 Bxd6 14. Bxa6 bxa6 15. Qxa6 Qc7 16. Bg3 Rab8 17. Qe2 Rfc8 18. Rfe1 h6 19. Rad1 a5 20. Rd2 a4 21. a3 Rb6 22. h3 Rcb8 23. Bh2 Qb7 24. Qf3 Rxb2 25. Rxb2 Qxb2 26. g4 Be4 27. Qxf7+ Kh7 28. Qxe6 Qxc3 29. Rxe4 Rb1+ 30. Kg2 Bxe5 31. Qf5+ g6 32. Qf7+ Bg7 33. Re7 Qxd4 34. Bg3 1-0

[Event "November 21 Late 2023"]
[Site "https://www.chess.com"]
[Date "2023.11.21"]
[Round "2"]
[White "Zeltsan, Joseph"]
[Black "Van Osch, Mees"]
[Result "1/2-1/2"]
[Board "96"]
[TimeControl "180+1"]
[WhiteFideId "30932980"]
[BlackFideId "1035967"]
[WhiteElo "2341"]
[BlackElo "2324"]
[WhiteTeam "USA"]
[BlackTeam "NED"]
[WhiteClock "0:00:15"]
[BlackClock "0:00:13"]

1. e4 c6 2. d4 d5 3. e5 Bf5 4. h4 h5 5. c4 e6 6. Nc3 Ne7 7. Nge2 Bg6 8. Nf4 Nd7 9. Nxg6 Nxg6 10. cxd5 cxd5 11. Bd3 Nxh4 12. g3 Nf5 13. Bxf5 exf5 14. Rxh5 Rxh5 15. Qxh5 g6 16. Qf3 Nb6 17. Bd2 Qd7 18. O-O-O O-O-O 19. Kb1 Kb8 20. Rc1 Ka8 21. b3 Ba3 22. Rc2 a6 23. Bg5 Rc8 24. Bd2 Qc6 25. Qd3 Rh8 26. Bc1 Rh1 27. Nd1 Qb5 28. Qxb5 axb5 29. Bxa3 Rxd1+ 30. Kb2 Ka7 31. Bd6 Rxd4 32. Rc7 Rd2+ 33. Ka3 Ka6 34. f4 d4 35. Rxf7 d3 36. Bc5 Nd5 37. Rd7 Nc3 38. Rd6+ b6 39. Rxb6+ Ka7 40. Rd6+ Kb7 41. Kb4 Nxa2+ 42. Kxb5 Nc3+ 43. Kc4 Ne4 44. Rd5 Rc2+ 45. Kxd3 Rxc5 46. Rxc5 Nxc5+ 47. Kc4 Ne4 48. Kd5 Kc7 49. Ke6 Kd8 50. Kf7 Nc5 51. Kxg6 Nxb3 52. Kxf5 Ke7 53. g4 Nd4+ 54. Kg6 Nc6 55. g5 Ke6 56. Kh7 Ne7 57. g6 Kf5 58. g7 Kxf4 59. e6 Ke5 60. g8=R Nxg8 61. Kxg8 Kxe6 1/2-1/2

[Event "November 21 Late 2023"]
[Site "https://www.chess.com"]
[Date "2023.11.21"]
[Round "2"]
[White "Maisuradze, Nino"]
[Black "Zakaryan, David"]
[Result "0-1"]
[Board "97"]
[TimeControl "180+1"]
[WhiteFideId "13601717"]
[BlackFideId "24101923"]
[WhiteElo "2108"]
[BlackElo "2323"]
[WhiteTeam "FRA"]
[BlackTeam "RUS"]
[WhiteClock "0:00:46"]
[BlackClock "0:02:13"]

1. d4 Nf6 2. Nf3 e6 3. e3 b6 4. b3 Bb7 5. Bb2 Be7 6. Nbd2 O-O 7. Bd3 c5 8. O-O cxd4 9. exd4 d6 10. c4 Nbd7 11. Re1 Re8 12. Rc1 Nf8 13. Qe2 Ng6 14. g3 Rc8 15. Ne4 Qc7 16. Nxf6+ Bxf6 17. Be4 Qb8 18. Bxb7 Qxb7 19. Nd2 Bg5 20. Rcd1 Bxd2 21. Rxd2 d5 22. h4 h6 23. h5 Ne7 24. Ba3 dxc4 25. bxc4 Qa6 26. Bxe7 Rxe7 27. d5 Qxc4 28. dxe6 Rxe6 29. Qd1 Rce8 30. Rxe6 Qxe6 31. Rd7 a5 32. Kh2 Qxa2 33. Rc7 Qxf2+ 0-1

[Event "November 21 Late 2023"]
[Site "https://www.chess.com"]
[Date "2023.11.21"]
[Round "2"]
[White "Nazari, Arad"]
[Black "Skaric, Djuro"]
[Result "1-0"]
[Board "98"]
[TimeControl "180+1"]
[WhiteFideId "12577324"]
[BlackFideId "934569"]
[WhiteElo "2100"]
[BlackElo "2282"]
[WhiteTeam "IRI"]
[BlackTeam "SRB"]
[WhiteClock "0:01:02"]
[BlackClock "0:00:33"]

1. e4 d6 2. d4 g6 3. Nc3 Bg7 4. f4 Nf6 5. Nf3 Bg4 6. Be3 Nc6 7. d5 Nb8 8. e5 Nh5 9. Qd4 dxe5 10. fxe5 Bxf3 11. gxf3 Nd7 12. f4 O-O 13. Be2 f6 14. Bxh5 fxe5 15. fxe5 Nxe5 16. O-O-O gxh5 17. Rhg1 Ng6 18. Qe4 Qd6 19. Bd2 a6 20. Rg5 h4 21. Rdg1 Qf6 22. Nd1 c6 23. Rxg6 hxg6 24. Rxg6 Qf5 25. Bc3 Qf4+ 26. Qxf4 Rxf4 27. Rxg7+ Kf8 28. dxc6 bxc6 29. Rh7 Ke8 30. Rh8+ Rf8 31. Rxh4 Kd7 32. b3 Rf1 33. Rd4+ Ke6 34. Kb2 Rg8 35. Rd2 Rf3 36. Nf2 Rg2 37. Ne4 Rg6 38. Re2 Kd5 39. Nd2 Rf7 40. Nc4 Re6 41. Nb6+ Kd6 42. Bb4+ Kc7 43. Rxe6 Kxb6 44. Bxe7 Rf2 45. h4 Rh2 46. Rh6 Kc7 47. Bd6+ Kd7 48. Bxh2 1-0